 Dungeon Crawl Stone Soup version 0.16.2-12-gd0ad4c3 (webtiles) character file.

50020 faibistes the Thaumaturge (level 14, -2/79 HPs)
             Began as a Deep Elf Wizard on Dec 25, 2017.
             Was the Champion of Sif Muna.
             Slain by a spriggan rider
             ... wielding a +0 spear
              (12 damage)
             ... on level 8 of the Lair of Beasts on Dec 27, 2017.
             The game lasted 01:50:33 (35017 turns).

faibistes the Thaumaturge (Deep Elf Wizard)        Turns: 35017, Time: 01:50:34

Health: -2/79      AC: 11    Str:  4    XL:     14   Next: 18%
Magic:  3/37       EV: 17    Int: 29    God:    Sif Muna [******]
Gold:   1251       SH:  0    Dex: 13    Spells: 11 memorised, 4 levels left

rFire  . . .     SeeInvis .     w - +3 dagger (flame)
rCold  + . .     Clarity  .     N - +1 robe {rC+}
rNeg   . . .     SustAb   .     (no shield)
rPois  +         Gourm    .     b - +1 hat
rElec  .         Spirit   .     u - +2 cloak
rCorr  .         Warding  .     E - +2 pair of gloves
rMut   .         Stasis   .     Y - +0 pair of boots
MR     +....                    (no amulet)
Stlth  ++........               a - ring of poison resistance
                                o - ring of wizardry

@: very slightly contaminated, deflect missiles, somewhat resistant to hostile
enchantments, unstealthy
A: antennae 1
a: Channel Energy, Forget Spell, Renounce Religion


You were on level 8 of the Lair of Beasts.
You worshipped Sif Muna.
Sif Muna was exalted by your worship.
You were not hungry.

You visited 3 branches of the dungeon, and saw 20 of its levels.

You collected 1251 gold pieces.

Inventory:

Hand weapons
 e - a +0 dagger
 w - a +3 dagger of flaming (weapon)
 W - a +3 dagger of holy wrath
Armour
 b - a +1 hat (worn)
 u - a +2 cloak (worn)
 E - a +2 pair of gloves (worn)
 N - a +1 robe of cold resistance (worn)
 Y - a +0 pair of boots (worn)
Magical staves
 y - an uncursed staff of cold
Jewellery
 a - a ring of poison resistance (right hand)
 g - an uncursed ring of positive energy
 o - a ring of wizardry (left hand)
 I - an uncursed ring of flight
 O - a +5 ring of evasion
 R - an uncursed ring of fire
 U - an uncursed ring of wizardry
Magical devices
 c - a wand of cold (2)
 i - a wand of fire (11)
 m - a wand of disintegration (8)
 q - a wand of enslavement (9)
 C - a wand of draining (6)
 D - a wand of confusion (15)
 G - a wand of slowing (19)
 K - a wand of cold (3)
 M - a wand of frost (34)
 Q - a wand of confusion (24)
 S - a wand of slowing (30)
 X - a wand of flame (33)
Scrolls
 f - 5 scrolls of remove curse
 j - 4 scrolls of teleportation
 k - a scroll of immolation
 l - 2 scrolls of identify
 r - 4 scrolls of magic mapping
 B - a scroll of blinking
 F - a scroll of fear
 J - 2 scrolls of fog
 T - 2 scrolls of enchant armour
Potions
 h - 2 potions of resistance
 n - 2 potions of cure mutation
 p - 4 potions of might
 t - 3 potions of flight
 v - a potion of invisibility
 x - 4 potions of curing
 z - 5 potions of restore abilities
 A - 3 potions of agility
 H - 2 potions of haste
 L - a potion of ambrosia
 P - 2 potions of heal wounds
Comestibles
 d - 8 bread rations
 s - 6 meat rations
 V - a slice of pizza


   Skills:
 + Level 5.8 Fighting
 + Level 9.6 Dodging
 - Level 2.4 Stealth
 * Level 13.8 Spellcasting
 * Level 10.5 Conjurations
 - Level 7.5 Charms
 - Level 4.2 Summonings
 - Level 7.1 Translocations
   Level 3.1 Transmutations
 * Level 10.3 Fire Magic
 * Level 4.7 Air Magic
 - Level 2.6 Poison Magic
 * Level 9.6 Invocations
 + Level 7.2 Evocations


You had 4 spell levels left.
You knew the following spells:

 Your Spells              Type           Power        Failure   Level  Hunger
a - Magic Dart            Conj           ####         1%          1    None
b - Conjure Flame         Conj/Fire      ######..     1%          3    None
c - Call Imp              Summ           #####...     1%          2    None
d - Blink                 Tloc           N/A          1%          2    None
e - Mephitic Cloud        Conj/Pois/Air  ######..     1%          3    None
f - Deflect Missiles      Chrm/Air       ######....   14%         6    ####...
h - Apportation           Tloc           ######....   1%          1    None
j - Airstrike             Air            #####.....   1%          4    None
v - Lightning Bolt        Conj/Air       ######....   1%          5    None
x - Force Lance           Conj/Tloc      ######..     1%          4    None
z - Fireball              Conj/Fire      ######....   1%          5    None


Dungeon Overview and Level Annotations

Branches:
Dungeon (11/15)            Temple (1/1) D:5            Lair (8/8) D:10
 Shoals (0/5) Lair:4        Snake (0/5) Lair:4        Slime (0/6) Lair:6
    Orc (0/4) D:9

Altars:
Ashenzari
Cheibriados
Dithmenos
Elyvilon
Fedhas
Gozag
Kikubaaqudgha
Makhleb
Nemelex Xobeh
Okawaru
Qazlal
Ru
Sif Muna
Trog
Vehumet
Xom
Yredelemnul
Zin
The Shining One


Innate Abilities, Weirdness & Mutations

You have a pair of small antennae on your head.


Message History

The bolt of cold hits the spriggan rider.
The spriggan rider is moderately wounded.
Evoking this partially-identified wand wasted a few charges.
Evoke which item? (* to show all) (? for menu, Esc to quit)
Zapping:
c - a wand of cold {zapped: 2} (will waste charges)
Press: ? - help, Shift-Dir - straight line, f/p - spriggan rider
Aim: a spriggan rider, wielding a spear (moderately wounded)
The bolt of cold hits the spriggan.
You kill the spriggan!
The bolt of cold hits the spriggan rider.
The spriggan rider is heavily wounded.
Evoking this partially-identified wand wasted a few charges.
Casting: Mephitic Cloud
Confirm with . or Enter, or press ? or * to list all spells.
Aiming: Force Lance
Press: ? - help, Shift-Dir - straight line, f/p - spriggan rider
Aim: a spriggan rider, wielding a spear (heavily wounded)
The lance of force misses the spriggan rider.
The spriggan rider hits you from afar with a spear!
You die...

.......♣ PP . ...... ....
...F...♣♣P♣ .............P...
....F...P♣♣ P♣♣..........#.....
..t.....♣PP♣ ♣P♣............#...
........♣♣♣$###P♣................
...i.....♣♣♣P#P♣.............#...
..........♣ ♣P♣.............(.##.
P.........♣♣#...................P
PP........P#.)i.@................
P.#.........#.#......####........
...#.P.....#.#..##....##.#.......
..###.......#.##.#########....#..
P## #..#.....##### #..#..##. ..#
####..#### #(.....#. ..######.P#
##...#.### ..P.#..#### #...P###
.....### ##...P..#


You could see a spriggan rider.

Vanquished Creatures
  5 hydras
  Fannar (Lair:4)
  Erica (Lair:2)
  6 death yaks (Lair:6)
  2 hill giants (D:10)
  4 black mambas
  A manticore (Lair:4)
  5 griffons
  9 elephants
  17 spiny frogs
  2 komodo dragons
  2 trolls
  A fire drake (Lair:6)
  A two-headed ogre (D:9)
  5 polar bears
  5 blink frogs (Lair:1)
  2 wyverns
  54 yaks
  2 basilisks
  5 spriggans
  2 trapdoor spiders
  A wraith (D:9)
  A hill giant zombie (D:9)
  5 hippogriffs
  Eustachio (D:7)
  2 nagas (Lair:4)
  A steam dragon (Lair:2)
  A hungry ghost (D:9)
  29 wolves
  9 water moccasins
  4 phantoms
  8 ice beasts
  9 porcupines
  6 orc warriors
  2 trapdoor spider simulacra (D:10)
  4 sky beasts
  2 wasps (Lair:8)
  4 black bears
  2 ogres
  3 boring beetles
  6 centaurs
  10 crocodiles
  15 giant frogs
  A big kobold (D:7)
  Blork the orc (D:7)
  7 scorpions
  8 killer bees
  An electric eel (D:10)
  5 wights (D:7)
  A giant frog zombie (D:9)
  9 crimson imps
  13 hounds
  2 quasits
  4 centaur skeletons
  2 jellies
  A gnoll shaman (D:8)
  9 orc priests
  A centaur zombie (D:10)
  3 goliath beetles
  8 iguanas
  17 orc wizards
  16 sheep
  8 worker ants
  Ijyb (D:7)
  Jessica (D:2)
  5 ogre zombies (D:9)
  A hound zombie (D:10)
  2 hound skeletons
  A mummy (D:9)
  2 worker ant zombies
  22 adders
  7 gnolls
  47 river rats
  A giant mite (D:6)
  2 shadow imps (D:8)
  3 white imps (D:10)
  2 ufetubi (D:10)
  2 worker ant simulacra (D:10)
  5 worms
  An adder zombie (D:8)
  2 adder skeletons
  2 oozes
  48 orcs
  2 ball pythons (D:4)
  21 bats
  A bat skeleton (D:6)
  5 giant cockroaches
  10 goblins
  19 hobgoblins
  14 jackals
  11 quokkas
  8 giant geckos
  6 giant newts
  2 giant spores (D:9)
  2 goblin skeletons (D:9)
  4 goblin zombies (D:9)
  2 hobgoblin skeletons (D:9)
  A hobgoblin zombie (D:9)
  A jackal skeleton (D:9)
  31 kobolds
  An orc skeleton (D:9)
  8 orc zombies (D:9)
  2 quokka skeletons
  14 rats
  A rat skeleton (D:8)
  18 ballistomycetes
  2 bushes
  A fungus (Lair:5)
  A plant (Lair:8)
719 creatures vanquished.

Vanquished Creatures (collateral kills)
  3 yaks
  A giant frog (D:9)
  A killer bee (D:10)
  A river rat (Lair:2)
  A gnoll (D:8)
  A giant gecko (D:3)
  An orc (D:3)
9 creatures vanquished.

Vanquished Creatures (others)
  A crimson imp (D:8)
  A white imp (D:3)
  3 giant spores
  A ballistomycete (D:9)
  40 fungi
  11 plants
57 creatures vanquished.

Grand Total: 785 creatures vanquished

Notes
Turn   | Place    | Note
--------------------------------------------------------------
     0 | D:1      | faibistes, the Deep Elf Wizard, began the quest for the Orb.
     0 | D:1      | Reached XP level 1. HP: 10/10 MP: 6/6
   422 | D:1      | Reached XP level 2. HP: 15/15 MP: 5/10
   426 | D:1      | Learned a level 2 spell: Blink
   429 | D:1      | Learned a level 2 spell: Call Imp
   571 | D:2      | Noticed Jessica
  1191 | D:1      | Reached skill level 5 in Spellcasting
  1484 | D:1      | Reached XP level 3. HP: 12/19 MP: 12/14
  1489 | D:1      | Learned a level 3 spell: Conjure Flame
  1493 | D:1      | Learned a level 3 spell: Mephitic Cloud
  1978 | D:2      | Killed Jessica
  2217 | D:2      | Learned a level 2 spell: Repel Missiles
  2264 | D:2      | Reached XP level 4. HP: 24/24 MP: 8/17
  2787 | D:3      | Found a sacrificial altar of Ru.
  2927 | D:2      | Found a burning altar of Makhleb.
  2930 | D:2      | Found a snail-covered altar of Cheibriados.
  2933 | D:2      | Found a stormy altar of Qazlal.
  3085 | D:3      | Found an iron altar of Okawaru.
  3551 | D:3      | Reached XP level 5. HP: 17/28 MP: 4/20
  4059 | D:3      | Reached skill level 6 in Spellcasting
  4460 | D:5      | Entered Level 5 of the Dungeon
  4460 | D:5      | Noticed a centaur
  4605 | D:5      | Killed a centaur
  4605 | D:5      | Reached XP level 6. HP: 13/32 MP: 16/22
  4980 | D:4      | Reached skill level 1 in Fighting
  5051 | D:4      | Reached skill level 7 in Spellcasting
  5051 | D:4      | Reached skill level 1 in Evocations
  5575 | D:4      | Reached XP level 7. HP: 33/38 MP: 18/25
  6416 | D:5      | Noticed a phantom
  6428 | D:5      | Killed a phantom
  6428 | D:5      | Reached skill level 5 in Dodging
  6428 | D:5      | Reached skill level 8 in Spellcasting
  6507 | D:5      | Found a staircase to the Ecumenical Temple.
  6518 | Temple   | Entered the Ecumenical Temple
  6549 | Temple   | Became a worshipper of Sif Muna the Loreminder
  7533 | D:6      | Reached XP level 8. HP: 45/45 MP: 16/27
  7716 | D:6      | Reached skill level 1 in Poison Magic
  7727 | D:6      | Reached skill level 1 in Air Magic
  7882 | D:6      | Reached skill level 1 in Fire Magic
  8132 | D:6      | Acquired Sif Muna's first power
  8411 | D:6      | Found a glowing golden altar of the Shining One.
  8469 | D:6      | Reached skill level 9 in Spellcasting
  9089 | D:7      | Acquired Sif Muna's second power
  9118 | D:7      | Noticed Blork the orc
  9128 | D:7      | Killed Blork the orc
  9310 | D:7      | Reached XP level 9. HP: 49/49 MP: 15/29
  9723 | D:7      | Reached skill level 5 in Conjurations
 10262 | D:7      | Noticed Eustachio
 10279 | D:7      | Killed Eustachio
 10517 | D:7      | Learned a level 4 spell: Alistair's Intoxication
 10599 | D:7      | Noticed Ijyb
 10606 | D:7      | Killed Ijyb
 10694 | D:7      | Reached skill level 1 in Invocations
 10770 | D:7      | Reached skill level 10 in Spellcasting
 11026 | D:7      | Found a white marble altar of Elyvilon.
 11161 | D:8      | Found a shadowy altar of Dithmenos.
 11205 | D:9      | Reached skill level 1 in Charms
 11404 | D:8      | Reached skill level 1 in Transmutations
 11770 | D:8      | Reached XP level 10. HP: 21/55 MP: 7/31
 11888 | D:8      | Reached skill level 5 in Fire Magic
 12196 | D:8      | Found an ancient bone altar of Kikubaaqudgha.
 12201 | D:8      | Found a radiant altar of Vehumet.
 12201 | D:8      | Found a basalt altar of Yredelemnul.
 12203 | D:8      | Found a sparkling altar of Nemelex Xobeh.
 13206 | D:8      | Acquired Sif Muna's third power
 14321 | D:10     | Entered Level 10 of the Dungeon
 15491 | D:9      | Learned a level 1 spell: Apportation
 16052 | D:9      | Reached skill level 11 in Spellcasting
 16740 | D:9      | Found a staircase to the Orcish Mines.
 17807 | D:10     | Reached XP level 11. HP: 45/60 MP: 23/33
 17873 | D:10     | Identified Yroos' Reference Book on Conjuration (You found it on level 10 of the Dungeon)
 17965 | D:9      | Learned a level 4 spell: Force Lance
 17971 | D:9      | Learned a level 5 spell: Lightning Bolt
 18698 | D:10     | Reached skill level 5 in Invocations
 19555 | D:10     | Found a staircase to the Lair.
 19944 | D:10     | Noticed a hill giant
 19948 | D:10     | Reached skill level 5 in Charms
 19954 | D:10     | Killed a hill giant
 19954 | D:10     | Reached skill level 5 in Evocations
 20152 | D:10     | Identified a scroll of acquirement
 20803 | D:10     | Noticed a hill giant
 20819 | D:10     | Killed a hill giant
 20819 | D:10     | Reached skill level 5 in Translocations
 21002 | Lair:1   | Entered Level 1 of the Lair of Beasts
 21332 | Lair:2   | Noticed Erica
 21339 | Lair:1   | Received a gift from Sif Muna
 21352 | Lair:1   | Learned a level 6 spell: Deflect Missiles
 21911 | Lair:2   | Killed Erica
 21911 | Lair:2   | Reached skill level 12 in Spellcasting
 21911 | Lair:2   | Reached XP level 12. HP: 66/66 MP: 10/34
 22089 | Lair:1   | Learned a level 4 spell: Airstrike
 22108 | Lair:1   | Identified the Guide on Summoning
 22227 | Lair:1   | Noticed an eight-headed hydra
 22239 | Lair:1   | Killed an eight-headed hydra
 26065 | Lair:3   | Noticed a seven-headed hydra
 26075 | Lair:3   | Killed a seven-headed hydra
 26864 | Lair:4   | Found a staircase to the Snake Pit.
 27233 | Lair:4   | Reached skill level 5 in Fighting
 27233 | Lair:4   | Reached XP level 13. HP: 72/72 MP: 3/36
 27235 | Lair:4   | Found a staircase to the Shoals.
 27241 | Lair:4   | Noticed Fannar
 27739 | Lair:4   | Received a gift from Sif Muna
 27740 | Lair:4   | Identified Sif Muna's Disquisition on Enhancements and the Volcanoes (Sif Muna gifted it to you on level 4 of the Lair of Beasts)
 28048 | Lair:2   | Learned a level 5 spell: Fireball
 28194 | Lair:4   | Killed Fannar
 29913 | Lair:6   | Reached skill level 13 in Spellcasting
 29916 | Lair:6   | Noticed an eight-headed hydra
 30096 | Lair:6   | Noticed an eight-headed hydra
 30185 | Lair:6   | Killed an eight-headed hydra
 30777 | Lair:6   | Killed an eight-headed hydra
 30927 | Lair:7   | Gained mutation: You have a pair of small antennae on your head. [potion of beneficial mutation]
 31337 | Lair:6   | Reached skill level 10 in Conjurations
 31479 | Lair:6   | Reached skill level 10 in Fire Magic
 31636 | Lair:6   | Found a staircase to the Slime Pits.
 32762 | Lair:8   | Entered Level 8 of the Lair of Beasts
 33732 | Lair:7   | Reached XP level 14. HP: 78/78 MP: 26/37
 35017 | Lair:8   | Slain by a spriggan rider

Action                   |  1- 3 |  4- 6 |  7- 9 | 10-12 | 13-15 || total
-------------------------+-------+-------+-------+-------+-------++-------
Melee: Dagger            |     4 |    12 |   130 |   461 |    61 ||   668
       Mace              |     5 |    36 |    28 |       |       ||    69
 Cast: Magic Dart        |    81 |   167 |   419 |   441 |    29 ||  1137
       Conjure Flame     |     1 |     3 |    51 |   121 |    61 ||   237
       Repel Missiles    |     1 |     2 |     2 |       |       ||     5
       Call Imp          |       |     3 |       |     9 |       ||    12
       Mephitic Cloud    |       |     6 |    30 |    67 |     5 ||   108
       Blink             |       |     1 |     6 |    26 |     1 ||    34
       Alistair's Intoxi |       |       |       |     1 |       ||     1
       Force Lance       |       |       |       |   136 |    89 ||   225
       Lightning Bolt    |       |       |       |    67 |     9 ||    76
       Deflect Missiles  |       |       |       |     1 |     1 ||     2
       Airstrike         |       |       |       |    37 |    39 ||    76
       Fireball          |       |       |       |       |    94 ||    94
Invok: Channel Energy    |       |       |     1 |    50 |    30 ||    81
Evoke: Wand              |       |       |       |     5 |     3 ||     8
  Use: Scroll            |       |     6 |    12 |    20 |     8 ||    46
       Potion            |       |       |       |     1 |     1 ||     2
 Stab: Confused          |       |     1 |     7 |    12 |       ||    20
       Sleeping          |       |       |     1 |       |     3 ||     4
       Fleeing           |       |       |       |     1 |       ||     1
  Eat: Chunk             |     4 |     9 |    19 |    52 |    23 ||   107
       Beef jerky        |       |     1 |       |     4 |       ||     5
       Pizza             |       |       |       |     1 |     2 ||     3
       Bread ration      |       |       |       |       |     1 ||     1
